 Dungeon Crawl Stone Soup version 0.25-a0-613-gf4b2665 (webtiles) character file.

Game seed: 15775879677785326140, levelgen mode: deterministic

18677 Faels the Slicer (level 12, -1/88 HPs)
             Began as a Demonspawn Fighter on Mar 16, 2020.
             Was a High Priest of Okawaru.
             Slain by a yak (12 damage)
             ... on level 1 of the Lair of Beasts.
             The game lasted 00:41:44 (16396 turns).

Faels the Slicer (Demonspawn Fighter)              Turns: 16396, Time: 00:41:44

Health: -1/88      AC:  9    Str: 18    XL:     12   Next: 29%
Magic:  0/12       EV: 10    Int: 15    God:    Okawaru [*****.]
Gold:   603        SH: 26    Dex: 16    Spells: 11/11 levels left

rFire    + + .     SeeInvis .   w - +3 rapier (venom)
rCold    + . .     Gourm    .   u - +1 tower shield
rNeg     . . .     Faith    .   J - +2 ring mail {rF+}
rPois    .         Spirit   +   I - +1 hat {Int+3}
rElec    .         Reflect  .   b - scarf {rC+ rF+}
rCorr    .         Harm     .   (no gloves)
MR       .....                  (no boots)
Stlth    +.........             l - amulet of rage
HPRegen  1.24/turn              (no ring)
MPRegen  0.13/turn              (no ring)

@: finesse
A: beak, large bone plates 3, clever 1, powered by death 1, magic shield
a: Heroism, Finesse, Renounce Religion, Evoke Berserk Rage


You were on level 1 of the Lair of Beasts.
You worshipped Okawaru.
Okawaru was extremely pleased with you.
You were hungry.

You visited 3 branches of the dungeon, and saw 13 of its levels.
You also visited: Ossuary.

You collected 746 gold pieces.
You spent 143 gold pieces at shops.

Inventory:

Hand Weapons
 a - a +0 rapier
 d - a +3 dagger of electrocution
 m - a +1 short sword of venom
 w - a +3 rapier of venom (weapon)
 z - a +0 falchion
 A - a +1 dagger of flaming
 B - a +3 scimitar
Missiles
 n - 10 poisoned darts (quivered)
 o - 5 boomerangs
 p - a throwing net
 D - 4 javelins
Armour
 b - a scarf of resistance (worn)
 u - a +1 tower shield (worn)
 G - a +0 scale mail
 I - a +1 hat of intelligence (worn)
 J - a +2 ring mail of fire resistance (worn)
 L - a +0 troll leather armour
Jewellery
 c - an uncursed amulet of the gourmand
 i - an uncursed ring of ice
 l - an amulet of rage (around neck)
Wands
 t - a wand of scattershot (4)
 x - a wand of disintegration (13)
 y - a wand of iceblast (7)
 F - a wand of polymorph (6)
 H - a wand of paralysis (10)
Scrolls
 h - 2 scrolls of remove curse
 j - a scroll of holy word
 k - 3 scrolls of fog
 r - 2 scrolls of teleportation
 v - 4 scrolls of random uselessness
 C - 4 scrolls of magic mapping
 E - 2 scrolls of identify
 N - a scroll of silence {unknown}
 O - a scroll of brand weapon {unknown}
Potions
 e - a potion of brilliance
 q - 2 potions of flight
 s - a potion of cancellation
 M - a potion of berserk rage {unknown}
Comestibles
 f - 29 rations
 K - 5 chunks of flesh


   Skills:
 - Level 6.1 Fighting
 * Level 13.8 Short Blades
 - Level 1.0 Throwing
 - Level 4.4 Armour
 - Level 3.4 Dodging
 * Level 10.4 Shields


You had 11 spell levels left.
You didn't know any spells.
Your spell library contained the following spells:

 Spells                   Type           Power        Failure   Level  Hunger
 Sandblast                Erth           #.....       97%         1    ##.....
 Passwall                 Tmut/Erth      #.......     99%         2    ###....
 Confusing Touch          Hex            #.......     100%        3    ####...
 Gell's Gravitas          Tloc           #.........   100%        3    ####...
 Static Discharge         Conj/Air       #.......     100%        3    ####...
 Stone Arrow              Conj/Erth      #.....       100%        3    ####...
 Petrify                  Tmut/Erth      #.......     100%        4    #####..
 Lee's Rapid Deconstruct  Erth           #.........   100%        5    ######.
 Lightning Bolt           Conj/Air       #.........   100%        5    ######.
 Metabolic Englaciation   Hex/Ice        #.........   100%        5    ######.
 Yara's Violent Unravell  Hex/Tmut       #.........   100%        5    ######.
 Ignition                 Fire           #.........   100%        8    #######
 Shatter                  Erth           #.........   100%        9    #######
 Tornado                  Air            #.........   100%        9    #######


Dungeon Overview and Level Annotations

Branches:
Dungeon (11/15)            Temple (1/1) D:4            Lair (1/6) D:10
    Orc (0/2) D:10        Ossuary (visited)

Altars:
Cheibriados
Dithmenos
Elyvilon
Fedhas
Gozag
Hepliaklqana
Kikubaaqudgha
Nemelex Xobeh
Okawaru
Ru
Sif Muna
Trog
Uskayaw
Vehumet
Xom
Yredelemnul
Zin
The Shining One

Shops:
D:5 *   D:8 }

Annotations:
D:8 2 transporters, malesh's ghost, novice MiFi


Innate Abilities, Weirdness & Mutations

You are completely covered in large bone plates. (SH +8)
You regenerate a little health from kills.
When hurt, damage is shared between your health and your magic reserves.
You have a beak for a mouth.
Your mind is acute. (Int +2)


Message History

You block the yak's attack. The yak gores you.
* * * LOW HITPOINT WARNING * * *
You feel much better. The yak gores you! The yak gores you but does no damage.
You block the yak's attack. x2; The yak gores you.
You can now deal lightning-fast blows.
You block the yak's attack. x2; The yak closely misses you.
The yak gores you!
* * * LOW HITPOINT WARNING * * *
The yak gores you!
* * * LOW HITPOINT WARNING * * *
You don't have enough magic at the moment.
You barely miss the yak.
The yak is lightly wounded.
You block the yak's attack. x2
You hit the yak.
The yak looks even sicker.
You peck the yak.
The yak is moderately wounded.
You block the yak's attack. x2
You hit the yak.
The yak is heavily wounded.
The yak gores you!
You die...

#............................
######.......................
##......................
##.....................
##...............#<...
###............##....
##.÷.........#####..
##.†YY.........## #.
##..Y@Y..........### .
##...Y..............#
###...................#
#......................#
###...........#...........#
#P...........###...........
###P..........## ##..........
###...........### #####..(...
#.#.........### ......


You could see 5 yaks.

Vanquished Creatures
  Fannar (D:10)
  The ghost of Cunctator the Martial Artist, a journeyman GnTm of Ashenzari (D:10)
  3 two-headed ogres
  The ghost of MrTaco21 the Basher, a journeyman GrFi of Gozag (D:10)
  An unseen horror (D:10)
  An elephant (D:10)
  A queen bee (D:10)
  2 trolls
  2 hippogriffs
  26 yaks
  Edmund (D:5)
  A water moccasin (D:8)
  10 orc warriors
  An ice beast (D:11)
  5 sky beasts
  4 black bears
  A hornet zombie (D:10)
  9 ogres
  An eye of draining (D:11)
  A necrophage (D:10)
  A phantom (D:7)
  6 crocodiles
  8 centaurs
  2 big kobolds
  12 bullfrogs
  A wyvern skeleton (D:10)
  2 scorpions
  30 killer bees
  A wight (D:7)
  3 centaur zombies
  2 crimson imps
  3 jellies
  17 orc wizards
  2 hounds
  10 orc priests
  2 bullfrog skeletons
  3 centaur skeletons
  An iguana (D:6)
  6 worker ants
  6 big kobold zombies (Ossuary)
  3 hound skeletons
  5 mummies (Ossuary)
  3 worker ant zombies
  Robin (D:4)
  3 gnolls (D:6)
  13 adders
  4 shadow imps
  2 oozes (D:2)
  An adder zombie (D:7)
  3 worms
  A dart slug (D:3)
  5 leopard geckos
  59 orcs
  7 bats
  2 giant cockroaches
  21 goblins
  8 hobgoblins
  8 jackals
  6 quokkas
  2 ball pythons
  4 frilled lizards
  A goblin skeleton (D:7)
  3 goblin zombies (D:7)
  A hobgoblin zombie (Ossuary)
  A jackal zombie (D:8)
  15 kobolds
  A kobold zombie (D:7)
  2 leopard gecko zombies
  An orc skeleton (D:7)
  A quokka skeleton (D:9)
  11 rats
389 creatures vanquished.

Vanquished Creatures (others)
  A bullfrog skeleton (D:10)
1 creature vanquished.

Grand Total: 390 creatures vanquished

Notes
Turn   | Place    | Note
-------+----------+-------------------------------------------
     0 | D:1      | Faels the Demonspawn Fighter began the quest for the Orb.
     0 | D:1      | Reached XP level 1. HP: 18/18 MP: 1/1
   122 | D:1      | Reached skill level 2 in Short Blades
   281 | D:1      | Gained mutation: You are partially covered in large bone
                  | plates. (SH +4) [demonic ancestry]
   281 | D:1      | Reached XP level 2. HP: 24/24 MP: 2/2
  1184 | D:2      | Found a sparkling altar of Nemelex Xobeh.
  1194 | D:2      | Reached skill level 3 in Short Blades
  1252 | D:2      | Gained mutation: You are mostly covered in large bone
                  | plates. (SH +6) [demonic ancestry]
  1252 | D:2      | Reached XP level 3. HP: 23/29 MP: 3/3
  1319 | D:2      | Found a blossoming altar of Fedhas.
  1464 | D:2      | Reached XP level 4. HP: 33/35 MP: 4/4
  1604 | D:2      | Reached skill level 4 in Short Blades
  1813 | D:2      | Gained mutation: You have a beak for a mouth. [potion of
                  | mutation]
  1813 | D:2      | Gained mutation: Your mind is acute. (Int +2) [potion of
                  | mutation]
  2073 | D:3      | Found a sacrificial altar of Ru.
  2175 | D:3      | Found a shimmering altar of Xom.
  2275 | D:3      | Reached XP level 5. HP: 41/41 MP: 5/5
  2803 | D:4      | Noticed an ogre
  2803 | D:4      | Noticed an ogre
  2809 | D:4      | Killed an ogre
  2809 | D:4      | Reached skill level 5 in Short Blades
  2814 | D:4      | Killed an ogre
  2814 | D:4      | Reached skill level 6 in Short Blades
  2814 | D:4      | Gained mutation: When hurt, damage is shared between your
                  | health and your magic reserves. [demonic ancestry]
  2814 | D:4      | Reached XP level 6. HP: 45/47 MP: 6/6
  2934 | D:4      | Found a staircase to the Ecumenical Temple.
  2955 | Temple   | Entered the Ecumenical Temple
  3063 | Temple   | Became a worshipper of Warmaster Okawaru
  3427 | D:4      | Reached skill level 7 in Short Blades
  3427 | D:4      | Reached XP level 7. HP: 22/52 MP: 3/7
  4078 | D:4      | Noticed Robin
  4099 | D:4      | Killed Robin
  4385 | D:5      | Entered Level 5 of the Dungeon
  4396 | D:5      | Reached skill level 8 in Short Blades
  4396 | D:5      | Reached skill level 1 in Throwing
  4407 | D:5      | Reached * piety under Okawaru
  4416 | D:5      | Found Zavu's General Store.
  4419 | D:5      | Bought 2 potions of heal wounds for 110 gold pieces
  4419 | D:5      | Bought a potion of flight for 33 gold pieces
  4552 | D:5      | Reached XP level 8. HP: 51/58 MP: 8/8
  4575 | D:5      | Found a sand-covered staircase.
  4579 | Ossuary  | Entered an ossuary
  4701 | Ossuary  | Reached skill level 9 in Short Blades
  5125 | D:5      | Noticed Edmund
  5143 | D:5      | Killed Edmund
  5321 | D:5      | Found a snail-covered altar of Cheibriados.
  5722 | D:5      | Reached ** piety under Okawaru
  5722 | D:5      | Reached skill level 10 in Short Blades
  6143 | D:6      | Reached XP level 9. HP: 61/63 MP: 9/9
  6171 | D:6      | Found a shimmering blue altar of Sif Muna.
  6614 | D:6      | Reached skill level 11 in Short Blades
  7151 | D:7      | Found a glowing golden altar of the Shining One.
  7186 | D:7      | Reached *** piety under Okawaru
  7928 | D:7      | Reached skill level 12 in Short Blades
  8184 | D:7      | Reached skill level 1 in Dodging
  8862 | D:8      | Received a gift from Okawaru
  8973 | D:8      | Noticed a queen bee
  8983 | D:8      | Found a transporter.
  8983 | D:8      | Noticed malesh's ghost (novice MiFi)
  9010 | D:8      | Found a transporter.
  9364 | D:8      | Noticed a two-headed ogre
  9385 | D:8      | Killed a two-headed ogre
  9385 | D:8      | Reached **** piety under Okawaru
  9385 | D:8      | Gained mutation: You regenerate a little health from kills.
                  | [demonic ancestry]
  9385 | D:8      | Reached XP level 10. HP: 39/72 MP: 6/10
 10580 | D:8      | Found Liuvuomn's Gadget Boutique.
 10928 | D:8      | Reached skill level 5 in Fighting
 11106 | D:9      | Reached ***** piety under Okawaru
 11106 | D:9      | Reached skill level 5 in Shields
 11163 | D:9      | Noticed a two-headed ogre
 11177 | D:9      | Killed a two-headed ogre
 11177 | D:9      | Received a gift from Okawaru
 11858 | D:10     | Entered Level 10 of the Dungeon
 11992 | D:10     | Found a staircase to the Lair.
 11992 | D:10     | Noticed an elephant
 12024 | D:10     | Killed an elephant
 12057 | D:10     | Gained mutation: You are completely covered in large bone
                  | plates. (SH +8) [demonic ancestry]
 12057 | D:10     | Reached XP level 11. HP: 77/81 MP: 11/11
 12751 | D:10     | Found a runed translucent gate.
 12815 | D:10     | Received a gift from Okawaru
 12862 | D:10     | Killed an unseen horror
 13131 | D:10     | Found a runed translucent gate.
 13131 | D:10     | Found a runed translucent gate.
 13326 | D:10     | Noticed Cunctator's ghost (journeyman GnTm)
 13327 | D:10     | Noticed MrTaco21's ghost (journeyman GrFi)
 13733 | D:10     | Found a staircase to the Orcish Mines.
 14227 | D:10     | Killed MrTaco21's ghost
 14395 | D:10     | Killed Cunctator's ghost
 14395 | D:10     | Reached skill level 13 in Short Blades
 14557 | D:10     | Noticed Fannar
 14628 | D:10     | Killed Fannar
 15424 | D:11     | Noticed a two-headed ogre
 15437 | D:11     | Killed a two-headed ogre
 15546 | D:11     | Reached XP level 12. HP: 74/88 MP: 10/12
 15788 | D:11     | Noticed a two-headed ogre
 15829 | D:11     | Reached skill level 10 in Shields
 16036 | Lair:1   | Entered Level 1 of the Lair of Beasts
 16037 | Lair:1   | Upgraded the game from 0.25-a0-611-g6918904 to
                  | 0.25-a0-613-gf4b2665
 16389 | Lair:1   | Received a gift from Okawaru
 16396 | Lair:1   | Slain by a yak

Levels and vault maps discovered:
D:1:      evilmike_arrival_fibonacci_small, layout_basic
D:2:      minmay_evil_eye, layout_basic, overflow_temple_1_default,
          fedhas_ov_isle_minmay
D:3:      corexii_shack_village, layout_basic, nicolae_overflow_crystal_walls,
          nicolae_ru_awakened_eye
D:4:      kennysheep_goblin_castle, layout_basic, minmay_temple_entry_crystal_x,
          first_ration
D:5:      layout_cave_pools, cheibriados_altar_1, enter_ossuary_5, serial_shops,
          shop, uniq_edmund
D:6:      layout_cave_pools, basic_altar
D:7:      minmay_bubble_buster, layout_layer_cave, nicolae_tso_besieged_by_evil,
          serial_bayou_pond_e
D:8:      layout_basic, serial_shops, shop_statue, gammafunk_ghost_hive
D:9:      layout_basic, serial_corexii_hall, chequers_hall_statues_wall_a,
          chequers_hall_statues_wall_a, nrook_campfire
D:10:     layout_roguey, david_lair_generic, orc_david_3, special_room
          [special_room_bee], gammafunk_ghost_cemetery, uniq_fannar
D:11:     layout_cave_pods, ebering_ghost_xom
Temple:   dpeg_five_rooms_temple
Lair:1:   layout_hall_layers, basic_altar, nicolae_quartered_pool_medium,
          lemuel_fruit_tree, serial_bayou_shore_b, grunt_megastairs_5

Skill      XL: |  1  2  3  4  5  6  7  8  9 10 11 12 |
---------------+-------------------------------------+-----
Short Blades   | 2 3 4 6 7 8 10 12 13 | 13.8
Throwing       | 1 |  1.0
Armour         | 3 4 |  4.4
Dodging        | 2 3 |  3.4
Shields        | 3 6 9 10 | 10.4
Fighting       | 4 6 |  6.1

Action                   |  1- 3 |  4- 6 |  7- 9 | 10-12 || total
-------------------------+-------+-------+-------+-------++-------
Melee: Rapier            |    84 |       |       |   786 ||   870
       Short sword       |    42 |   171 |   611 |    89 ||   913
       Peck              |       |    21 |   136 |   215 ||   372
       Dagger            |       |       |       |   101 ||   101
       Scimitar          |       |       |       |     6 ||     6
Throw: Dart              |       |     4 |    34 |    32 ||    70
       Boomerang         |       |       |    10 |       ||    10
       Javelin           |       |       |       |    10 ||    10
Invok: Heroism           |       |       |     3 |    16 ||    19
       Finesse           |       |       |       |     3 ||     3
  Use: Scroll            |     3 |     9 |    15 |     4 ||    31
       Potion            |     1 |     1 |    13 |     2 ||    17
  Eat: Chunk             |     2 |     6 |    12 |    22 ||    42
       Ration            |       |       |     2 |     1 ||     3
Armor: Scale mail        |    56 |    28 |   123 |    56 ||   263
       Ring mail         |       |       |       |    36 ||    36
       Skin              |       |       |       |     6 ||     6
Dodge: Dodged            |    38 |    28 |    69 |    98 ||   233
Block: Kite shield       |   101 |    63 |       |       ||   164
       Tower shield      |       |    54 |   520 |   822 ||  1396

Table legend:
 A = Non-vault XP
 B = Vault XP
 C = Vault XP percentage of total XP
 D = Non-vault monster count
 E = Vault monster count
 F = Vault count percentage of total count
                 A         B        C        D         E       F
            +---------+---------+-------+---------+---------+-------
      Total |   19650 |    7032 |  26.4 |     295 |      95 |  24.4
            +---------+---------+-------+---------+---------+-------
        D:1 |      35 |       0 |   0.0 |      21 |       0 |   0.0
        D:2 |      96 |      35 |  26.7 |      26 |       4 |  13.3
        D:3 |      66 |      12 |  15.4 |      20 |       5 |  20.0
        D:4 |     804 |      49 |   5.7 |      16 |      19 |  54.3
        D:5 |     727 |     173 |  19.2 |      17 |       1 |   5.6
        D:6 |    1180 |       0 |   0.0 |      29 |       0 |   0.0
        D:7 |     906 |     390 |  30.1 |      21 |      14 |  40.0
        D:8 |    3010 |       0 |   0.0 |      37 |       0 |   0.0
        D:9 |    2198 |       0 |   0.0 |      20 |       0 |   0.0
       D:10 |    3017 |    6074 |  66.8 |      39 |      39 |  50.0
       D:11 |    5574 |       0 |   0.0 |      38 |       0 |   0.0
     Lair:1 |    2037 |       0 |   0.0 |      11 |       0 |   0.0
    Ossuary |       0 |     299 | 100.0 |       0 |      13 | 100.0
            +---------+---------+-------+---------+---------+-------
